Map: Scalo orbitale

Players

Jhyrachy - Winner!

  • Race: Zerg Zerg

Anxious

  • Race: Zerg Zerg

VOD

Have the link to the VOD?

Description

Time

  • Played on: Dec. 3, 2015, 2:22 p.m.
  • Length: 15:00
Show
View Real Time Build Order
Export as new Build Order

Jhyrachy Zerg - Winner!

Build Orders: Pool First 

Get SALT Encoding   

  12  0:02  Drone  
  13  0:09  Drone  
  14  0:17  Overlord  
  14  0:36  Spawning Pool  
  14  0:37  Drone  
  14  0:41  Drone  
  15  0:46  Drone  
  16  0:53  Extractor, Drone  
  16  1:00  Drone  
  17  1:21  Hatchery, Drone  
  17  1:33  Queen  
  17  1:39  Zergling x2  
  20  1:40  Drone  
  21  1:52  Drone  
  22  2:08  Overlord x2  
  22  2:33  Queen  
  23  2:58  Zergling x2  
  23  2:59  Zergling x16  
  32  3:14  Drone  
  32  3:15  Drone  
  34  3:20  Metabolic Boost  
  34  3:24  Overlord  
  34  3:34  Drone  
  34  3:35  Drone  
  29  4:19  Extractor  
  29  4:21  Drone x3  
  29  4:22  Drone  
  29  4:23  Drone x4  
  34  4:29  Roach Warren  
  33  5:05  Extractor  
  33  5:06  Drone x2  
  35  5:07  Drone  
  35  5:09  Hatchery  
  34  5:23  Roach  
  34  5:24  Roach x8  
  34  5:26  Overlord x3  
  52  5:44  Queen  
  54  5:53  Roach  
  54  5:54  Roach x10  
  76  6:03  Overlord  
  76  6:17  Overlord x2  
  76  6:18  Overlord  
  76  6:19  Overlord  
  76  6:34  Ravager x4  
  80  6:43  Drone  
  80  6:44  Drone x5  
  86  7:07  Zergling x2  
  86  7:08  Zergling x20  
  93  7:15  Ravager x4  
  101  7:26  Zergling x2  
  101  7:27  Zergling x14  
  109  8:00  Drone x5  
  114  8:10  Pneumatized Carapace  
  114  8:34  Overlord x3  
  114  8:55  Lair  
  114  9:07  Roach x6  
  114  9:08  Roach x6  
  138  9:10  Overlord  
  138  9:11  Overlord x4  
  138  9:30  Roach  
  138  9:31  Roach x11  
  162  9:46  Roach  
  162  9:47  Roach x6  
  137  11:20  Hatchery  
  136  11:30  Evolution Chamber  
  135  11:34  Roach x7, Evolution Chamber  
  135  11:35  Roach x12  
  172  11:59  Zerg Ground Armor Level 1, Zerg Missile Weapons Level 1  
  172  12:04  Burrow  
  172  12:05  Glial Reconstitution  
  172  12:11  Drone  
  172  12:12  Drone x4  
  172  12:14  Overlord x2  
  172  12:15  Overlord  
  177  12:39  Ravager x8  
  177  12:40  Ravager  
  112  13:24  Tunneling Claws  
  108  13:57  Hydralisk Den  
  108  13:59  Roach x26  
  101  14:25  Roach x22  
  99  14:35  Hydralisk x2  
Show
View Real Time Build Order
Export as new Build Order

Anxious Zerg 

Build Orders: Hatch First 

Get SALT Encoding   

  12  0:01  Drone  
  13  0:33  Hatchery, Drone  
  13  0:41  Overlord  
  13  0:48  Drone  
  14  1:01  Drone  
  14  1:03  Drone  
  16  1:09  Drone  
  17  1:18  Drone  
  18  1:28  Spawning Pool  
  18  1:29  Drone  
  18  1:39  Drone  
  19  1:45  Drone  
  20  1:53  Drone  
  21  2:00  Drone  
  22  2:03  Drone  
  23  2:09  Extractor  
  23  2:12  Drone  
  23  2:14  Drone  
  24  2:16  Queen  
  24  2:18  Queen  
  28  2:23  Overlord  
  28  2:51  Queen  
  30  3:03  Zergling x6  
  30  3:05  Zergling x6  
  36  3:19  Overlord  
  36  3:25  Extractor  
  35  3:27  Extractor  
  35  3:29  Drone x2  
  35  3:30  Extractor  
  35  3:31  Drone  
  36  3:36  Overlord  
  36  3:37  Overlord  
  36  3:43  Drone  
  36  3:44  Drone  
  38  3:53  Drone x2  
  38  3:54  Drone  
  32  4:27  Drone x3  
  35  4:34  Drone  
  35  4:35  Drone x3  
  35  4:36  Drone  
  40  4:47  Roach Warren  
  39  4:54  Zergling x2  
  39  4:55  Zergling x2  
  39  4:58  Zergling x4  
  39  4:59  Zergling x2  
  44  5:02  Zergling x2  
  44  5:04  Zergling x6  
  48  5:18  Queen  
  50  5:34  Roach x2  
  50  5:35  Roach  
  56  5:43  Drone x2  
  56  5:44  Drone  
  56  5:45  Drone  
  60  5:53  Overlord x2  
  60  6:22  Roach x2  
  60  6:23  Roach x4  
  72  6:26  Roach  
  72  6:27  Roach  
  72  6:28  Overlord x2  
  76  6:38  Lair  
  76  6:45  Evolution Chamber  
  75  6:49  Evolution Chamber  
  75  6:50  Drone  
  75  6:51  Drone  
  76  6:55  Roach x2  
  76  6:56  Roach x3  
  86  7:27  Roach  
  86  7:28  Roach x2  
  92  7:33  Zerg Missile Weapons Level 1  
  92  7:34  Zerg Ground Armor Level 1  
  92  7:37  Glial Reconstitution  
  92  7:39  Overlord  
  92  7:40  Overlord x2  
  92  7:41  Overlord  
  92  8:16  Roach  
  92  8:17  Roach x5  
  104  8:23  Spire  
  103  8:53  Roach  
  103  8:54  Roach x4  
  113  8:56  Overlord x2  
  113  8:57  Overlord  
  113  9:15  Infestation Pit  
  113  9:16  Overlord  
  112  9:17  Overlord  
  112  9:20  Drone x2  
  114  9:31  Roach  
  114  9:33  Roach  
  114  9:34  Roach x8  
  114  9:35  Roach x3  
  140  9:42  Zerg Flyer Weapons Level 1  
  140  9:49  Spire  
  141  9:53  Roach x4  
  146  10:03  Ravager  
  146  10:04  Ravager x5  
  146  10:05  Ravager  
  134  10:38  Roach x4  
  146  10:57  Roach x5  
  146  11:02  Zerg Flyer Armor Level 1  
  146  11:03  Mutalisk x3  
  158  11:05  Overlord  
  158  11:06  Overlord x2  
  156  11:27  Mutalisk x4  
  156  11:32  Mutalisk x2  
  164  11:33  Mutalisk  
  164  11:37  Hive  
  170  11:47  Drone x2  
  170  11:49  Drone  
  170  11:53  Hatchery, Drone x3  
  170  11:54  Drone x2  
  143  13:07  Drone  
  143  13:08  Drone, Roach x3  
  143  13:09  Roach x3  
  143  13:10  Drone  
  143  13:11  Roach x4  
  143  13:12  Roach x3  
  98  13:46  Roach x3  
  104  13:49  Roach x4  
  112  13:58  Drone x3  
  112  14:01  Queen  
  117  14:14  Zergling x2  
  117  14:16  Zergling x4  
  83  14:35  Roach x2  
Tags
 
Add a new tag
Caveats
  • Supply blocks, unpowered buildings, or Contaminate may cause inaccurate times.
  • Supply counts are checked every 10 seconds.